 Dungeon Crawl Stone Soup version 0.18.1-48-g4cf74bf (webtiles) character file.

71 CanOfBees the Gusty (level 4, -3/24 HPs)
             Began as a Tengu Air Elementalist on Aug 22, 2016.
             Slain by an adder (4 damage)
             ... on level 2 of the Dungeon.
             The game lasted 00:07:18 (2436 turns).

CanOfBees the Gusty (Tengu Air Elementalist)        Turns: 2436, Time: 00:07:18

Health: -3/24      AC:  2    Str:  8    XL:     4   Next: 24%
Magic:  4/9        EV: 12    Int: 22    God:
Gold:   41         SH:  0    Dex: 14    Spells: 3 memorised, 3 levels left

rFire  . . .     SeeInvis .     d - +0 rod of ignition (4/13)
rCold  . . .     Gourm    .     i - +0 robe
rNeg   . . .     Faith    .     (no shield)
rPois  .         Spirit   .     (helmet restricted)
rElec  .         Dismiss  .     (no cloak)
rCorr  .         Reflect  .     (no gloves)
SustAt .         Harm     .     (boots unavailable)
MR     .....                    (no amulet)
Stlth  ++........               (no ring)
                                (no ring)

@: brilliant, lethally poisoned (-3 -> -8), very slightly contaminated,
invisible, not resistant to hostile enchantments, unstealthy
A: beak, talons 3
a: no special abilities


You were on level 2 of the Dungeon.
You were not hungry.

You visited 1 branch of the dungeon, and saw 2 of its levels.

You collected 41 gold pieces.

Inventory:

Hand Weapons
 e - a +0 dagger
Missiles
 n - a throwing net (quivered)
Armour
 i - a +0 robe (worn)
Rods
 d - a +0 rod of ignition (4/13) (in hand)
   (You found it on level 2 of the Dungeon)
Jewellery
 f - an uncursed amulet of regeneration {unknown}
Scrolls
 a - a scroll of magic mapping {unknown}
 g - a scroll of amnesia {unknown}
 k - a scroll of immolation {unknown}
 m - a scroll of blinking {unknown}
Books
 b - a book of Air

   Spells                             Type                      Level
   a - Shock                          Conjuration/Air              1
   b - Swiftness                      Charms/Air                   2
   c - Repel Missiles                 Charms/Air                   2
   d - Static Discharge               Conjuration/Air              3
   e - Lightning Bolt                 Conjuration/Air              5
Comestibles
 c - a bread ration
 h - 2 meat rations
 l - a chunk of flesh


   Skills:
 - Level 2.1 Dodging
 - Level 2.0 Stealth
 - Level 2.6 Spellcasting
 - Level 1.8 Conjurations
 * Level 1.4 Charms
 - Level 4.7 Air Magic
 + Level 0.8 Evocations


You had 3 spell levels left.
You knew the following spells:

 Your Spells              Type           Power        Failure   Level  Hunger
a - Shock                 Conj/Air       ####         1%          1    None
b - Repel Missiles        Chrm/Air       ####..       1%          2    ##.....
c - Swiftness             Chrm/Air       ####....     1%          2    ##.....


Dungeon Overview and Level Annotations

Branches:
Dungeon (2/15)

Altars:
Cheibriados
Yredelemnul


Innate Abilities, Weirdness & Mutations

You have a beak for a mouth.
You have claws for feet.


Message History

You feel sick. The adder closely misses you. The adder bites you.
You closely miss the adder. Your peck misses the adder.
The adder is severely wounded.
The adder bites you.
* * * LOW HITPOINT WARNING * * *
The adder bites you.
* * * LOW HITPOINT WARNING * * *
Drink which item? (? for menu, Esc to quit)
It was a potion of invisibility.
You fade into invisibility!
* * * LOW HITPOINT WARNING * * *
You feel sick. The adder bites you.
* * * LOW HITPOINT WARNING * * *
You are very lightly contaminated with residual magic.
Drink which item? (? for menu, Esc to quit)
You feel clever all of a sudden. The adder misses you.
* * * LOW HITPOINT WARNING * * *
You feel sick. The adder bites you.
You die...

# # # ##### . .!.> ##
... # # # ###.##.####
## #.##.S....... ..#†
#...?@.# #.#.#
#.##.### # #.#.## #.#
#.#....## #.#
#.#.....## #.#
######........#
#.##.###.............#
#.........###..#...#.#
#.##.###..# #>.##.##.#
# #.# #..# #..##.##..


You could see an adder.

Vanquished Creatures
  2 adders (D:2)
  2 worms (D:2)
  A dart slug (D:2)
  2 giant geckos
  A giant cockroach (D:2)
  2 hobgoblins (D:2)
  4 jackals (D:2)
  5 kobolds
  2 ball pythons (D:1)
  7 bats
  2 giant newts (D:2)
  7 goblins
  8 rats
45 creatures vanquished.

Notes
Turn   | Place    | Note
--------------------------------------------------------------
     0 | D:1      | CanOfBees the Tengu Air Elementalist began the quest for the Orb.
     0 | D:1      | Reached XP level 1. HP: 10/10 MP: 4/4
   329 | D:1      | Reached XP level 2. HP: 15/15 MP: 4/6
   358 | D:1      | Learned a level 2 spell: Repel Missiles
   361 | D:1      | Learned a level 2 spell: Swiftness
  1122 | D:2      | Reached XP level 3. HP: 19/19 MP: 3/7
  1380 | D:2      | Found a basalt altar of Yredelemnul.
  1789 | D:2      | Found a snail-covered altar of Cheibriados.
  1925 | D:2      | Reached skill level 1 in Charms
  1953 | D:2      | Identified a +0 rod of ignition (13/13) (You found it on level 2 of the Dungeon)
  2065 | D:2      | Reached XP level 4. HP: 14/24 MP: 4/9
  2436 | D:2      | HP: 1/24 [poisoned by an adder]
  2436 | D:2      | Slain by an adder

Skill      XL: |  1  2  3 |
---------------+----------+-----
Charms         | 1 |  1.4
Dodging        | |  2.1
Stealth        | |  2.0
Spellcasting   | |  2.6
Conjurations   | |  1.8
Air Magic      | |  4.7
Evocations     | |  0.8

Action                   |  1- 3 |  4- 6 || total
-------------------------+-------+-------++-------
Melee: Dagger            |    25 |       ||    25
       Kick              |     7 |       ||     7
       Peck              |     7 |       ||     7
       Unarmed           |     1 |       ||     1
 Cast: Shock             |    81 |    15 ||    96
Evoke: Rod               |     1 |     2 ||     3
  Use: Potion            |     2 |     2 ||     4
 Stab: Sleeping          |     2 |       ||     2
  Eat: Beef jerky        |     1 |       ||     1
       Fruit             |     2 |       ||     2
       Chunk             |     2 |       ||     2
       Bread ration      |       |     1 ||     1
Armor: Robe              |     8 |       ||     8
Dodge: Dodged            |    34 |     5 ||    39
